 Dungeon Sprint DCSS version 0.17-a0-764-gd40c196 (webtiles) character file.

2867 lorenzova the Impaler (level 9, -1/85 HPs)
             Began as a Merfolk Gladiator on Apr 23, 2015.
             Slain by a demonic crawler (2 damage)
             ... in the Dungeon (Sprint I: "Red Sonja").
             The game lasted 00:08:07 (1495 turns).

lorenzova the Impaler (Merfolk Gladiator)           Turns: 1495, Time: 00:08:07

Health: -1/85      AC:  9    Str: 18      XL:     9   Next: 75%
Magic:  0/9        EV: 22    Int:  5 (7)  God:
Gold:   542        SH:  0    Dex: 15      Spells: 0 memorised, 8 levels left

rFire  . . .     SeeInvis .     m - +2 glaive (protect)
rCold  . . .     Clarity  .     b - +0 leather armour
rNeg   . . .     SustAb   .     (no shield)
rPois  .         Gourm    .     c - +0 helmet
rElec  .         Spirit   +     (no cloak)
rCorr  .         Warding  .     (no gloves)
rMut   .         NoTele   +     (no boots)
MR     .....                    n - amulet of guardian spirit
Stlth  +.........               (no ring)
                                o - ring of flight

@: not resistant to hostile enchantments, very unstealthy
A: change form in water, swift swim
a: Evoke Flight


You were in the Dungeon.
You were not hungry.

You visited 1 branch You collected 842 gold pieces.
You spent 300 gold pieces at shops.

Inventory:

Hand weapons
 a - a +0 trident
 m - a +2 glaive of protection (weapon)
Missiles
 p - 4 javelins (quivered)
Armour
 b - a +0 leather armour (worn)
 c - a +0 helmet (worn)
Jewellery
 n - an amulet of guardian spirit (around neck)
 o - a ring of flight (left hand)
Magical devices
 d - a wand of digging (6)
Scrolls
 k - a scroll of blinking
Potions
 f - 2 potions of curing
 h - a potion of haste
 i - 2 potions of magic
 j - a potion of berserk rage
 l - a potion of degeneration {unknown}


   Skills:
 + Level 13.6 Fighting
 + Level 17.3 Polearms
 - Level 2.0 Throwing
 + Level 16.0 Dodging


You had 8 spell levels left.
You didn't know any spells.

Dungeon Overview and Level Annotations

Branches:
Dungeon (1/1)

Altars:
Cheibriados
Dithmenos
Elyvilon
Fedhas
Gozag
Kikubaaqudgha
Makhleb
Nemelex Xobeh
Okawaru
Qazlal
Ru
Sif Muna
Trog
Vehumet
Xom
Yredelemnul
Zin
The Shining One
Jiyva

Shops:
D *(


Message History

The demonic crawler hits you but does no damage.
The demonic crawler hits you.
* * * LOW HITPOINT WARNING * * *
The demonic crawler closely misses you.
There is an open door, spattered with blood here.
Things that are here:
a dagger; a robe Drink which item? (? for menu, Esc to quit)
You're too hungry to go berserk.
Eat which item? (? for menu, Esc to quit)
The demonic crawler barely misses you. The demonic crawler misses you.
The demonic crawler misses you.
You continue eating.
The demonic crawler completely misses you. x3
You continue eating.
The demonic crawler closely misses you. The demonic crawler barely misses you.
The demonic crawler hits you.
* * * LOW HITPOINT WARNING * * *
The demonic crawler hits you.
You die...

#####################
.'..#..'..#__#.)@s..#
.#..'..#..'..'..#...##+#
###'#####'#__####...†..#
##..#...#.#### #####..+
_####..##.#§§§ ##
..__##'#..+§§§
.∩...'..._#≈§≈§c#
..._##_.#'# +####
____###'#(#


You could see a demonic crawler.

Vanquished Creatures
  Sonja (D)
  A deep troll (D)
  3 demonic crawlers (D)
  2 kobold demonologists (D)
  A slime creature (D)
  A yak (D)
  An ogre (D)
  A jelly (D)
  Ijyb (D)
  A giant eyeball (D)
  3 ballistomycetes (D)
16 creatures vanquished.

Vanquished Creatures (others)
  A gargoyle (D)
  Sigmund (D)
  2 giant spores (D)
4 creatures vanquished.

Grand Total: 20 creatures vanquished

Notes
Turn   | Place    | Note
--------------------------------------------------------------
     0 | D        | lorenzova, the Merfolk Gladiator, began the quest for the Orb.
     0 | D        | Reached XP level 1. HP: 16/16 MP: 1/1
     1 | D        | Noticed Ijyb
    16 | D        | Killed Ijyb
    16 | D        | Reached skill level 6 in Polearms
    16 | D        | Reached skill level 5 in Dodging
    16 | D        | Reached XP level 2. HP: 19/25 MP: 2/2
    16 | D        | Reached XP level 3. HP: 22/30 MP: 3/3
    95 | D        | Noticed an ogre
   106 | D        | Killed an ogre
   106 | D        | Reached skill level 8 in Polearms
   106 | D        | Reached XP level 4. HP: 23/40 MP: 4/4
   251 | D        | Noticed Sigmund
   380 | D        | Killed Sigmund
   380 | D        | Reached skill level 10 in Polearms
   380 | D        | Reached XP level 5. HP: 28/49 MP: 5/5
   380 | D        | Reached XP level 6. HP: 32/56 MP: 6/6
   491 | D        | Killed a gargoyle
   530 | D        | Found a snail-covered altar of Cheibriados.
   530 | D        | Found a viscous altar of Jiyva.
   530 | D        | Found a shadowy altar of Dithmenos.
   530 | D        | Found a blossoming altar of Fedhas.
   530 | D        | Noticed a slime creature
   553 | D        | Killed a slime creature
   553 | D        | Reached skill level 12 in Polearms
   809 | D        | Found a deep blue altar of Sif Muna.
   809 | D        | Noticed a jelly
   811 | D        | Found a radiant altar of Vehumet.
   814 | D        | Killed a jelly
   814 | D        | Reached XP level 7. HP: 62/64 MP: 7/7
   822 | D        | Noticed a centaur warrior
   827 | D        | Noticed Sonja
   835 | D        | Killed Sonja
   835 | D        | Reached skill level 14 in Polearms
   835 | D        | Reached XP level 8. HP: 70/75 MP: 8/8
   872 | D        | Found Galedau's Antique Weapon Emporium.
   872 | D        | Found a white marble altar of Elyvilon.
   872 | D        | Found a stormy altar of Qazlal.
   872 | D        | Found a basalt altar of Yredelemnul.
   872 | D        | Found an iron altar of Okawaru.
   872 | D        | Found a sparkling altar of Nemelex Xobeh.
   872 | D        | Found a shimmering altar of Xom.
   872 | D        | Found an ancient bone altar of Kikubaaqudgha.
   872 | D        | Noticed a yak
   873 | D        | Found a burning altar of Makhleb.
   873 | D        | Found a sacrificial altar of Ru.
   873 | D        | Found a glowing golden altar of the Shining One.
   873 | D        | Found an opulent altar of Gozag.
   873 | D        | Found a glowing silver altar of Zin.
   881 | D        | Killed a yak
   882 | D        | Found a bloodstained altar of Trog.
   929 | D        | Found Zeesch's Assorted Antiques.
   959 | D        | Bought a runed glaive for 130 gold pieces
   979 | D        | Bought a large silver amulet for 85 gold pieces
   979 | D        | Bought a golden ring for 85 gold pieces
  1144 | D        | Noticed a deep troll
  1151 | D        | Killed a deep troll
  1151 | D        | Reached skill level 15 in Polearms
  1367 | D        | Noticed a kobold demonologist
  1368 | D        | Noticed a hellwing
  1368 | D        | Noticed a kobold demonologist
  1372 | D        | Paralysed by a giant eyeball for 4 turns
  1378 | D        | Killed a kobold demonologist
  1378 | D        | Reached skill level 16 in Polearms
  1378 | D        | Reached XP level 9. HP: 80/83 MP: 9/9
  1384 | D        | Noticed a hellwing
  1388 | D        | Killed a kobold demonologist
  1388 | D        | Reached skill level 15 in Dodging
  1393 | D        | Paralysed by a giant eyeball for 3 turns
  1448 | D        | Noticed a demonic crawler
  1448 | D        | Noticed a demonic crawler
  1448 | D        | Noticed a demonic crawler
  1448 | D        | Noticed a demonic crawler
  1461 | D        | Killed a demonic crawler
  1466 | D        | Killed a demonic crawler
  1466 | D        | Reached skill level 17 in Polearms
  1478 | D        | Killed a demonic crawler
  1492 | D        | HP: 3/85 [demonic crawler (3)]
  1495 | D        | HP: 1/85 [demonic crawler (3)]
  1495 | D        | Slain by a demonic crawler

Action                   |  1- 3 |  4- 6 |  7- 9 || total
-------------------------+-------+-------+-------++-------
Melee: Trident           |    22 |    35 |    15 ||    72
       Glaive            |       |       |    72 ||    72
Throw: Throwing net      |     2 |     2 |     1 ||     5
       Javelin           |       |       |     2 ||     2
  Use: Potion            |       |       |     3 ||     3
 Stab: Held in net/web   |     1 |       |       ||     1
       Sleeping          |       |     1 |       ||     1
  Eat: Bread ration      |       |       |     1 ||     1
